[Event "*** Titled Tuesday Blitz"]
[Site "Chess.com"]
[Date "2019.09.03"]
[Round "3"]
[White "Jospem"]
[Black "pheonixking2000"]
[Result "1-0"]
[WhiteElo "2936"]
[BlackElo "2706"]
[TimeControl "180+2"]
[EndTime "15:43:50 PDT"]
[Termination "Jospem won by resignation"]

1. c4 c6 2. Nf3 d5 3. g3 Nf6 4.
Bg2 g6 5. O-O Bg7 6. b3 O-O 7.
Bb2 Nbd7 8. d3 b6 9. Nc3 Bb7 10. Qc2 e5 11. e4 Re8 12. Rad1 Rc8 13. b4 Qe7 14. a3 d4 15. Ne2 c5 16. b5 h6 17.
Rde1 Rcd8 18. Bc1 Nxe4 19. dxe4 Nf6 20. Nxe5 Qxe5 21. Nf4 d3 22. Nxd3 Qd4 23. e5 Bxg2 24.
Kxg2 Qxd3 25. Qxd3 Rxd3 26. exf6 Rxe1 27. Rxe1 Bxf6 28.
Re8+ Kg7 29. Ra8 Rc3 30. Be3 Rxc4 31. Rxa7 Rc3 32. a4 Ra3 33. Kf3 c4 34. Ke4 c3 35.
Kd3 Ra2 36. Bxb6 Rd2+ 37. Ke3 Rd6 38. Bc5 c2 39. Ba3 Rd1 40. Rc7 Ra1 41. Bb4 c1=Q+ 42.
Rxc1 Rxc1 43. Kd3 Rb1 44. Kc4 Bd8 45. a5 Kf6 46. b6 Ke6 47. b7 Bc7 48. a6 Bb8 49. Bc5 Kd7 50. Be3 Kc6 51. Bxh6 Ra1 52. Bf4 Rxa6 53. Bxb8 Kxb7 54. Bf4 Ra2 55. Be3 Kc6 56.
Kd4 Kd6 57. Ke4 Ke6 58. h4 Ra4+ 59. Kf3 Kf5 60. Bb6 Ra3+ 61. Be3 Rb3 62. g4+ Ke5 63.
h5 gxh5 64. gxh5 Kf5 65. h6 Kg6 66. Kg4 Rb4+ 67. Kg3 f5 68. Bf4 Rb3+ 69. Be3 Rb4 70. Bf4 Ra4 71. f3 Ra3 72. Bd2 Rd3 73. Bc1 Rd4 74. Be3 Rc4 75. Bd2 Kf6 76. Bf4 Kf7 77. Be5 Kg6 78. Bf4 Ra4 79. Bd2 Ra1 80. Be3 Re1 81. Kf2 Rh1 82. Kg3 Rh5 83. Kg2 Kf6 84. Bd2 Ke5 85. Kg3 Ke6 86. Be3 Kf6 87. Kg2 Ke5 88. Kg3 Rh1 89. Bg5 Ke6 90. Be3 Kf6 91.
Kg2 Rh5 92. Bf4 Kg6 93. Bd2 Rh4 94. Kg3 Rd4 95. Be3 Rc4 96. Bf4 Kf6 97. Bd2 Rc8 98.
Be3 Ke5 99. Bg5 Rg8 100. Kh4 f4 101. Kg4 Ke6 102. Kxf4 Kf7 103. Kf5 Ra8 104. Bf6 Kg8 105. Kg6 Ra7 106. f4 Rg7+ 107. Kh5 Rg1 108. Bd4 Kh7 109. Bxg1 1-0

[Event "*** Titled Tuesday Blitz"]
[Site "Chess.com"]
[Date "2019.09.03"]
[Round "4"]
[White "JakubPulpan"]
[Black "olksuna"]
[Result "1-0"]
[WhiteElo "2747"]
[BlackElo "2557"]
[TimeControl "180+2"]
[EndTime "15:45:34 PDT"]
[Termination "JakubPulpan won by resignation"]

1. Nf3 c5 2. b3 Nc6 3. Bb2 Nf6 4.
e3 e6 5. c4 b6 6. Nc3 Bb7 7.
Be2 Be7 8. O-O O-O 9. d4 cxd4 10. Nxd4 Nxd4 11. Qxd4 d5 12. cxd5 Nxd5 13. Nxd5 1-0

[Event "*** Titled Tuesday Blitz"]
[Site "Chess.com"]
[Date "2019.09.03"]
[Round "4"]
[White "harvsp123"]
[Black "StoreySniper"]
[Result "1/2-1/2"]
[WhiteElo "2534"]
[BlackElo "2363"]
[TimeControl "180+2"]
[EndTime "15:47:23 PDT"]
[Termination "Game drawn by repetition"]

1. d4 g6 2. c4 Bg7 3. e4 c5 4. Nf3 Qa5+ 5. Nc3 cxd4 6. Nxd4 Nc6 7. Be3 Nf6 8. f3 d6 9. Qd2 Bd7 10. Be2 O-O 11. O-O Rfc8 12. a3 Nxd4 13. Bxd4 Nh5 14. b4 Bxd4+ 15. Qxd4 Qg5 16. g3 Nxg3 17. hxg3 Qxg3+ 18. Kh1 Qh3+ 19. Kg1 Qg3+ 20. Kh1 Qh3+ 21. Kg1 Qg3+ 1/2-1/2

[Event "*** Titled Tuesday Blitz"]
[Site "Chess.com"]
[Date "2019.09.03"]
[Round "4"]
[White "Snegokhod"]
[Black "almaguerjm"]
[Result "1-0"]
[WhiteElo "2564"]
[BlackElo "2360"]
[TimeControl "180+2"]
[EndTime "15:48:04 PDT"]
[Termination "Snegokhod won by resignation"]

1. g3 d5 2. Bg2 Nf6 3. Nf3 Bf5 4. O-O Nc6 5. d3 Qd7 6. c4 d4 7. b4 Bh3 8. b5 Na5 9. Bd2 Bxg2 10. Kxg2 b6 11.
Bxa5 bxa5 12. Qa4 h5 13. Ne5 Qe6 14. b6+ Kd8 15. b7 1-0

[Event "*** Titled Tuesday Blitz"]
[Site "Chess.com"]
[Date "2019.09.03"]
[Round "4"]
[White "liczner"]
[Black "minnesotachessmaster"]
[Result "1-0"]
[WhiteElo "2700"]
[BlackElo "1950"]
[TimeControl "180+2"]
[EndTime "15:48:06 PDT"]
[Termination "liczner won by resignation"]

1. e4 e6 2. d4 d5 3. Nd2 Nf6 4. e5 Ne4 5. Bd3 Nxd2 6. Bxd2 Be7 7. Nf3 O-O 8. h4 h5 9. Ng5 g6 10. g4 Kg7 11. gxh5 Rh8 12. h6+ Kg8 13. Qf3 Qf8 14.
h7+ Rxh7 15. Nxh7 Kxh7 16. h5 1-0

[Event "*** Titled Tuesday Blitz"]
[Site "Chess.com"]
[Date "2019.09.03"]
[Round "4"]
[White "FedaMaster"]
[Black "David_Paravyan"]
[Result "0-1"]
[WhiteElo "2593"]
[BlackElo "2908"]
[TimeControl "180+2"]
[EndTime "15:48:11 PDT"]
[Termination "David_Paravyan won by resignation"]

1. e4 d5 2. exd5 Qxd5 3. Nc3 Qd8 4. d4 Nf6 5. Nf3 Bg4 6. h3 Bxf3 7. Qxf3 c6 8. Be3 e6 9. Bd3 Nd5 10. Nxd5 Qxd5 11. Qg3 g6 12. c4 Qa5+ 13. Ke2 Bg7 14. Qd6 Na6 15. Bg5 Qxg5 0-1

[Event "*** Titled Tuesday Blitz"]
[Site "Chess.com"]
[Date "2019.09.03"]
[Round "4"]
[White "SelfishShellfish"]
[Black "MasterKroket"]
[Result "0-1"]
[WhiteElo "2182"]
[BlackElo "2431"]
[TimeControl "180+2"]
[EndTime "15:48:19 PDT"]
[Termination "MasterKroket won by resignation"]

1. e4 c5 2. Nf3 e6 3. d4 cxd4 4. Nxd4 Nc6 5. Nc3 Qc7 6. Be2 a6 7. O-O Nf6 8. Kh1 d6 9. Be3 Bd7 10. f4 Nxd4 11. Qxd4 Bc6 12. f5 e5 13. Qd3 h6 14. a4 b6 15. Ra3 Be7 16. Rb3 Nd7 17.
Nd5 Bxd5 18. Qxd5 O-O 19. Rc3 Qb8 20. Bc4 Nf6 21. Qc6 Rc8 22. Qxc8+ Qxc8 23. Bxf7+ Kxf7 24. Rxc8 Rxc8 25. Bxb6 Rxc2 26. b4 Nxe4 27. b5 axb5 28. a5 Ra2 0-1

[Event "*** Titled Tuesday Blitz"]
[Site "Chess.com"]
[Date "2019.09.03"]
[Round "4"]
[White "Sosat98"]
[Black "MartinMatthiesen"]
[Result "1-0"]
[WhiteElo "2604"]
[BlackElo "2437"]
[TimeControl "180+2"]
[EndTime "15:48:57 PDT"]
[Termination "Sosat98 won by resignation"]

1. c4 c5 2. g3 g6 3. Bg2 Bg7 4. Nc3 Nc6 5. Rb1 Rb8 6. a3 a6 7. b4 cxb4 8. axb4 b5 9. c5 Bb7 10. Nf3 d6 11. cxd6 Qxd6 12. O-O Nf6 13. d4 Nd5 14. Ne4 Qd8 15. Qb3 Ndxb4 16. Rd1 Nd5 17.
Nc5 O-O 18. Nxb7 Rxb7 19. Ne5 Ncb4 20. Ba3 a5 21. Bxb4 1-0

[Event "*** Titled Tuesday Blitz"]
[Site "Chess.com"]
[Date "2019.09.03"]
[Round "4"]
[White "SanchezKelvin"]
[Black "ahkashefi2800"]
[Result "1-0"]
[WhiteElo "2411"]
[BlackElo "2085"]
[TimeControl "180+2"]
[EndTime "15:49:18 PDT"]
[Termination "SanchezKelvin won by resignation"]

1. d4 d5 2. c4 c6 3. Nf3 Nf6 4. Nc3 Bf5 5. cxd5 cxd5 6. Qb3 Qb6 7. Nxd5 Nxd5 8. Qxd5 e6 9. Qb3 Qxb3 10. axb3 Bc2 11.
e3 Bxb3 12. Bb5+ Ke7 13. Nd2 Bd5 14. e4 Bc6 15. Bd3 Nd7 16. f3 Nb6 17. Ke2 Rd8 18.
Nb3 a6 19. Be3 Nc8 20. Na5 Kd7 21. Rhc1 Ne7 22. Nc4 Nc8 23. Ne5+ Ke8 24. Nxc6 bxc6 25. Rxa6 c5 26. Bb5+ Ke7 27. dxc5 Kf6 28. b4 h6 29. Rd1 Rxd1 30. Kxd1 Be7 31. Ra8 Rd8+ 32. Ke2 e5 33.
Ba6 Na7 34. Rxa7 Rb8 35. b5 Bxc5 36. Bxc5 1-0

[Event "*** Titled Tuesday Blitz"]
[Site "Chess.com"]
[Date "2019.09.03"]
[Round "4"]
[White "iturrizaga"]
[Black "YQPerez"]
[Result "1-0"]
[WhiteElo "2948"]
[BlackElo "2767"]
[TimeControl "180+2"]
[EndTime "15:49:29 PDT"]
[Termination "iturrizaga won by resignation"]

1. c4 e5 2. g3 Nf6 3. Bg2 d5 4. cxd5 Nxd5 5. Nf3 Nc6 6. O-O Nb6 7. b3 Bd6 8. Bb2 O-O 9. d3 Bg4 10. Nbd2 Qd7 11. Rc1 Bh3 12. Ne4 Bxg2 13. Kxg2 Rfe8 14. Nc5 Bxc5 15. Rxc5 Qd6 16. Qc1 Nd7 17. Rc4 h6 18. Rd1 Rad8 19. a3 Nb6 20. Rc5 e4 21. Nh4 Qe6 22.
Nf5 f6 23. Nxh6+ gxh6 24. Qxh6 Nd5 25. Qg6+ Kh8 26. dxe4 Qxe4+ 27. Qxe4 Rxe4 28. Rcxd5 Rxd5 29. Bxf6+ Kg8 30. Rxd5 Rxe2 31. Rd7 Re6 32. Bg5 1-0

[Event "*** Titled Tuesday Blitz"]
[Site "Chess.com"]
[Date "2019.09.03"]
[Round "4"]
[White "JAN2404"]
[Black "dawnrule"]
[Result "1-0"]
[WhiteElo "1691"]
[BlackElo "2383"]
[TimeControl "180+2"]
[EndTime "15:49:31 PDT"]
[Termination "JAN2404 won by resignation"]

1. c4 e5 2. Nc3 Nc6 3. Nf3 f5 4. g3 Nf6 5. d3 Bb4 6. Bg2 O-O 7.
O-O Bxc3 8. bxc3 d6 9. d4 Qe8 10. e3 f4 11. Re1 e4 12. exf4 Bg4 13. h3 Bh5 14. g4 Bf7 15. Nd2 Na5 16. Nxe4 Nxe4 17.
Bxe4 Qd7 18. Bf5 Qc6 19. Qd3 g6 20. Be4 Qxc4 21. Qxc4 Bxc4 22. f5 Rae8 23. Bh6 Rf6 24. g5 Rxe4 25. Rxe4 Rxf5 26. Re8+ Kf7 27. Rf8+ Ke6 28.
Re1+ Kd7 29. Rxf5 gxf5 30. h4 Bxa2 31. Ra1 1-0

[Event "*** Titled Tuesday Blitz"]
[Site "Chess.com"]
[Date "2019.09.03"]
[Round "4"]
[White "TomPolgar"]
[Black "ulises2013"]
[Result "0-1"]
[WhiteElo "2293"]
[BlackElo "2502"]
[TimeControl "180+2"]
[EndTime "15:49:43 PDT"]
[Termination "ulises2013 won on time"]

1. e4 g6 2. d4 Bg7 3. Nc3 c5 4.
d5 d6 5. Nf3 Nf6 6. Bd3 O-O 7.
O-O e6 8. Bg5 h6 9. Bh4 g5 10.
Bg3 e5 11. Nd2 a6 12. a4 Nbd7 13. Nc4 Nb6 14. f3 Nh5 15. Bf2 Nf4 16. a5 Nxc4 17.
Bxc4 Bd7 18. Be3 h5 19. g3 Ng6 20. Qd2 Bh6 21. Kg2 Kh7 22. h4 Nf4+ 23. Bxf4 gxf4 0-1

[Event "*** Titled Tuesday Blitz"]
[Site "Chess.com"]
[Date "2019.09.03"]
[Round "4"]
[White "GMJimKnopf"]
[Black "adriangschnitzer"]
[Result "1-0"]
[WhiteElo "2731"]
[BlackElo "2546"]
[TimeControl "180+2"]
[EndTime "15:49:49 PDT"]
[Termination "GMJimKnopf won by checkmate"]

1. b3 e5 2. Bb2 Nc6 3. e3 Nf6 4.
Bb5 Bd6 5. Nf3 Qe7 6. O-O O-O 7. d3 a6 8. Bxc6 dxc6 9. Nbd2 Bg4 10. h3 Bh5 11. Qe2 Rfe8 12. Rad1 Rad8 13. Nc4 e4 14. dxe4 Nxe4 15. Rd4 Ng5 16. g4 Nxh3+ 17. Kg2 c5 18.
Kxh3 cxd4 19. gxh5 b5 20. Nxd6 Rxd6 21. Nxd4 Qd7+ 22. Qg4 Qxg4+ 23. Kxg4 c5 24. Nf5 Rd2 25. Bxg7 Rxc2 26. Kf3 f6 27. Bxf6 Rf8 28. Nh6# 1-0

[Event "*** Titled Tuesday Blitz"]
[Site "Chess.com"]
[Date "2019.09.03"]
[Round "4"]
[White "BASSU1"]
[Black "gmcorrales"]
[Result "1-0"]
[WhiteElo "2545"]
[BlackElo "2703"]
[TimeControl "180+2"]
[EndTime "15:49:54 PDT"]
[Termination "BASSU1 won by resignation"]

1. e4 d5 2. exd5 Qxd5 3. Nc3 Qd6 4. Nf3 Nf6 5. d4 a6 6. Bc4 b5 7. Bb3 Bb7 8. O-O Nbd7 9. Ng5 e6 10. Re1 Be7 11.
Nxe6 fxe6 12. Rxe6 Qb4 13. a3 Qa5 14. Bd2 b4 15. axb4 Qf5 16. Qe2 Ng8 17. Ra5 Qf8 18.
Bd5 c6 19. Bxc6 Bxc6 20. Rxc6 Ngf6 21. Rcxa6 Rd8 22. d5 Kf7 23. Qe6+ Kg6 24. d6 Re8 25. Rg5+ Kh6 26. Qh3+ 1-0

[Event "*** Titled Tuesday Blitz"]
[Site "Chess.com"]
[Date "2019.09.03"]
[Round "4"]
[White "Kildepiotr"]
[Black "Mazanchenko_Dmitry"]
[Result "1-0"]
[WhiteElo "2466"]
[BlackElo "2238"]
[TimeControl "180+2"]
[EndTime "15:49:56 PDT"]
[Termination "Kildepiotr won by resignation"]

1. Nf3 g6 2. g3 Bg7 3. d4 d6 4.
Bg2 Nc6 5. O-O Bg4 6. c3 e5 7.
dxe5 dxe5 8. Nbd2 Nf6 9. Qc2 Bf5 10. e4 Bc8 11. Nc4 Qe7 12. b4 a6 13. Be3 b6 14. a4 Ng4 15. a5 Nxe3 16. Nxe3 bxa5 17. Nd5 Qd6 18. Rfd1 axb4 19. Nb6 b3 20. Qxb3 Nd4 21. Qa4+ Bd7 22. Nxd7 Qxd7 23. Qxd7+ Kxd7 24. cxd4 exd4 25. Nxd4 Bxd4 26. Rxd4+ Ke7 27. Rda4 Rhb8 28. Rxa6 Rxa6 29. Rxa6 Rb1+ 30. Bf1 c5 31. f3 c4 32. Rc6 1-0

[Event "*** Titled Tuesday Blitz"]
[Site "Chess.com"]
[Date "2019.09.03"]
[Round "4"]
[White "Witik"]
[Black "Fighterman91"]
[Result "0-1"]
[WhiteElo "2547"]
[BlackElo "2739"]
[TimeControl "180+2"]
[EndTime "15:50:05 PDT"]
[Termination "Fighterman91 won by resignation"]

1. d4 Nf6 2. Bf4 c5 3. e3 e6 4. c3 Nc6 5. Nd2 Be7 6. Bd3 d5 7. h3 O-O 8. Ngf3 Bd6 9. Ne5 Bxe5 10. dxe5 Nd7 11. Nf3 c4 12. Bxh7+ Kxh7 13. Ng5+ Kg6 14. Qc2+ f5 15. Nxe6 Qe7 16. Nxf8+ Nxf8 17. g4 Nxe5 18.
gxf5+ Kf7 19. O-O-O Nd3+ 20. Rxd3 Bxf5 21. Qe2 cxd3 22. Qh5+ g6 23. Qh6 d2+ 24. Kxd2 Qe4 25. Rc1 Rd8 26. Qh8 Qf3 27. Re1 Qe4 28. Rc1 Ne6 29. Qh7+ Ng7 30. Bh6 Rg8 31. Bf4 g5 0-1

[Event "*** Titled Tuesday Blitz"]
[Site "Chess.com"]
[Date "2019.09.03"]
[Round "4"]
[White "riconaipe"]
[Black "Cukiero"]
[Result "1-0"]
[WhiteElo "2579"]
[BlackElo "2408"]
[TimeControl "180+2"]
[EndTime "15:50:20 PDT"]
[Termination "riconaipe won by resignation"]

1. d4 Nf6 2. Nf3 b6 3. c4 e6 4. Nc3 Bb7 5. e3 Bb4 6. Bd3 c5 7. O-O O-O 8. d5 Bxc3 9. bxc3 exd5 10. cxd5 Bxd5 11. Ng5 Bc6 12. e4 h6 13. e5 hxg5 14. Bxg5 Qc7 15. exf6 g6 16. Qg4 Re8 17. Bf4 Qd8 18.
Rfe1 Na6 19. Rxe8+ Qxe8 20. Bxa6 Qe4 21. Bf1 Re8 22.
Qh4 Qf5 23. Bg5 1-0

[Event "*** Titled Tuesday Blitz"]
[Site "Chess.com"]
[Date "2019.09.03"]
[Round "4"]
[White "Hikaru"]
[Black "KL31"]
[Result "1-0"]
[WhiteElo "3231"]
[BlackElo "2524"]
[TimeControl "180+2"]
[EndTime "15:50:30 PDT"]
[Termination "Hikaru won by resignation"]

1. Nf3 Nf6 2. b3 d5 3. Bb2 Bf5 4. e3 e6 5. Nh4 Bg4 6. Be2 Bxe2 7. Qxe2 c6 8. Nf3 Nbd7 9. g4 Nxg4 10. e4 Ngf6 11.
e5 Nh5 12. Nc3 Nf4 13. Qf1 Qc7 14. Ne2 Ng6 15. d4 c5 16. O-O-O c4 17. h4 Qa5 18. Kb1 Ba3 19. Qe1 Qxe1 20. Rdxe1 Bxb2 21. Kxb2 Rc8 22. Rhg1 O-O 23. h5 Ne7 24. h6 g6 25. Nh2 Nf5 26.
Ng4 Rc6 27. c3 cxb3 28. axb3 Rfc8 29. Ra1 a6 30. Rgc1 Kf8 31. Ng1 Ke7 32. Nf3 Nb6 33. Ng5 Rh8 34. Nf6 Nxh6 35. Rh1 Nf5 36. Ngxh7 Rcc8 37. Ng5 Rcf8 38. Ngh7 Rc8 39. Rh3 Nd7 40. Rah1 Nxf6 41. exf6+ Kd6 42. Ng5 Rxh3 43. Nxf7+ Kc7 44.
Rxh3 Rf8 45. Rh7 Kb6 46. Ne5 Kb5 47. Rxb7+ 1-0

[Event "*** Titled Tuesday Blitz"]
[Site "Chess.com"]
[Date "2019.09.03"]
[Round "4"]
[White "Svet99"]
[Black "slowdgehammer"]
[Result "1-0"]
[WhiteElo "2153"]
[BlackElo "2411"]
[TimeControl "180+2"]
[EndTime "15:50:30 PDT"]
[Termination "Svet99 won by resignation"]

1. Nf3 c5 2. c4 Nc6 3. Nc3 g6 4. g3 Bg7 5. Bg2 e5 6. O-O Nge7 7. d3 d6 8. Ne1 Be6 9. Nc2 d5 10. cxd5 Nxd5 11. Ne4 Qe7 12. Ne3 Nxe3 13. Bxe3 Nd4 14. Rc1 Rc8 15. Bxd4 exd4 16. Qa4+ Kf8 17. Qxa7 Bd5 18.
Rxc5 Rxc5 19. Qxc5 Bxe4 20. Qxe7+ Kxe7 21. Bxe4 Rc8 22.
Bxb7 Rb8 23. Bf3 Rxb2 24. Ra1 Rb5 25. a4 Ra5 26. Bc6 Kd6 27. Bb5 Bh6 28. Kg2 Bd2 29.
Ra2 Ra7 30. Rxd2 1-0

[Event "*** Titled Tuesday Blitz"]
[Site "Chess.com"]
[Date "2019.09.03"]
[Round "4"]
[White "tteshan"]
[Black "RU_B9"]
[Result "1-0"]
[WhiteElo "2181"]
[BlackElo "1708"]
[TimeControl "180+2"]
[EndTime "15:50:36 PDT"]
[Termination "tteshan won on time"]

1. e4 c5 2. a3 g6 3. h4 Nc6 4. h5 Bg7 5. d3 d6 6. h6 Bf6 7. Be2 e6 8. c3 Nge7 9. Nf3 b6 10. g4 O-O 11. Nbd2 d5 12. g5 Bh8 13. Nh4 dxe4 14.
Nxe4 Nf5 15. Nxf5 exf5 16. Ng3 Ne5 17. Bf4 Bb7 18. O-O Qd5 19. f3 Rad8 20. Qa4 Nxd3 21.
Bxd3 Qxd3 22. Qxa7 Bxf3 23. Qxb6 Rfe8 24. Qxc5 Be4 25.
Rae1 Rc8 26. Qf2 Red8 27. Re3 Qc4 28. Nxe4 fxe4 29. Rfe1 1-0

[Event "*** Titled Tuesday Blitz"]
[Site "Chess.com"]
[Date "2019.09.03"]
[Round "4"]
[White "SirMittensofMittensville"]
[Black "Ali_rastbod"]
[Result "1/2-1/2"]
[WhiteElo "2536"]
[BlackElo "2704"]
[TimeControl "180+2"]
[EndTime "15:50:37 PDT"]
[Termination "Game drawn by repetition"]

1. e4 e6 2. d3 d5 3. Qe2 dxe4 4. dxe4 e5 5. Nf3 Nc6 6. c3 Nf6 7. Qc2 a5 8. Bb5 Bd6 9. O-O O-O 10. Rd1 Qe7 11.
Bg5 h6 12. Bxf6 Qxf6 13. Nbd2 Bg4 14. Bxc6 bxc6 15. h3 Bh5 16. a4 Bc5 17. Qd3 Rfd8 18. Qe2 Bb6 19. Nc4 Bxf3 20. Qxf3 Qxf3 21. gxf3 f6 22.
Kf1 Kf7 23. Ke2 Ke6 24. Rxd8 Rxd8 25. Rd1 Ra8 26. Ra1 Bc5 27. Ra2 Be7 28. b3 g6 29. Rd2 f5 30. Rd1 Bg5 31. Rg1 Kf6 32. Kd3 Bf4 33. Ke2 Bg5 34. Ra1 Ke6 35. Rg1 Kf6 1/2-1/2

[Event "*** Titled Tuesday Blitz"]
[Site "Chess.com"]
[Date "2019.09.03"]
[Round "4"]
[White "chegueps"]
[Black "VladimirBelous"]
[Result "0-1"]
[WhiteElo "2535"]
[BlackElo "2728"]
[TimeControl "180+2"]
[EndTime "15:50:41 PDT"]
[Termination "VladimirBelous won by resignation"]

1. e4 c5 2. Nf3 Nc6 3. Bb5 g6 4.
c3 Bg7 5. d4 cxd4 6. cxd4 a6 7.
Qa4 Rb8 8. Bxc6 bxc6 9. O-O Nf6 10. Nc3 O-O 11. h3 d6 12. Re1 Qc7 13. b3 c5 14.
e5 Ne8 15. Bg5 Bb7 16. exd6 Nxd6 17. Rxe7 Qb6 18. Ne2 cxd4 19. Rd1 Bc6 20. Qa3 Nf5 21. Re5 Bxf3 22. Rxf5 Bxe2 23. Rxd4 0-1

[Event "*** Titled Tuesday Blitz"]
[Site "Chess.com"]
[Date "2019.09.03"]
[Round "4"]
[White "Iyael"]
[Black "imdvb6307"]
[Result "0-1"]
[WhiteElo "2041"]
[BlackElo "2408"]
[TimeControl "180+2"]
[EndTime "15:50:48 PDT"]
[Termination "imdvb6307 won by resignation"]

1. e4 Nc6 2. Nf3 d6 3. d4 Nf6 4. Nc3 Bg4 5. d5 Ne5 6. Be2 Nxf3+ 7. Bxf3 Bxf3 8. Qxf3 g6 9. Bg5 Bg7 10. O-O O-O 11.
Rad1 h6 12. Bf4 Nd7 13. Qe3 Kh7 14. Bg3 c6 15. f4 Qb6 16. Qxb6 Nxb6 17. Rd3 Bxc3 18.
bxc3 f5 19. dxc6 bxc6 20. e5 d5 21. Bf2 Nc4 22. Bc5 Rfe8 23. Rb1 Kg7 24. Rb7 a5 25. Rxe7+ Rxe7 26. Bxe7 Kf7 27. Bc5 Rb8 28. Rd1 Rb2 29. Rc1 Rxa2 30. Kf2 a4 31. Ke2 a3 32. Kd3 Rb2 33.
Ra1 a2 34. h3 h5 35. Bf2 Na3 0-1

[Event "*** Titled Tuesday Blitz"]
[Site "Chess.com"]
[Date "2019.09.03"]
[Round "4"]
[White "Valuebet2000"]
[Black "Everyfishknows"]
[Result "1-0"]
[WhiteElo "2476"]
[BlackElo "2279"]
[TimeControl "180+2"]
[EndTime "15:50:52 PDT"]
[Termination "Valuebet2000 won by resignation"]

1. e4 e5 2. Nf3 Nc6 3. Bc4 Nf6 4. d3 Be7 5. O-O O-O 6. Re1 d6 7. c3 Na5 8. Bb5 a6 9. Ba4 b5 10. Bc2 c5 11. d4 cxd4 12. cxd4 Nc6 13. d5 Nb4 14. Bb3 a5 15. a3 Na6 16. Bc2 Nc5 17. Nc3 Bd7 18. Bd2 b4 19. Nb1 Rb8 20. axb4 axb4 21.
b3 Qb6 22. Be3 Qb7 23. Bxc5 dxc5 24. Nxe5 Bb5 25. Nd2 Bd6 26. Ndc4 Bxe5 27. Nxe5 Rfe8 28. f4 Qb6 29. Kh1 Ra8 30. Rxa8 Rxa8 31. Bd3 Ra2 32. Bxb5 Qxb5 33. Nc4 Qd7 34. f5 h6 35. d6 h5 36. h3 h4 37. e5 Qc6 38. Re2 Ra8 1-0

[Event "*** Titled Tuesday Blitz"]
[Site "Chess.com"]
[Date "2019.09.03"]
[Round "4"]
[White "Renier07"]
[Black "Opening_Prep"]
[Result "1-0"]
[WhiteElo "2600"]
[BlackElo "2430"]
[TimeControl "180+2"]
[EndTime "15:50:53 PDT"]
[Termination "Renier07 won by resignation"]

1. d4 d5 2. c4 e6 3. Nc3 Be7 4.
Nf3 Nf6 5. Bf4 O-O 6. e3 a6 7. c5 b6 8. b4 a5 9. a3 c6 10. Bd3 Ba6 11. O-O Qc8 12. cxb6 axb4 13. axb4 Bxb4 14.
Bxb8 Bxc3 15. Rxa6 Rxa6 16. Bxa6 Qxa6 17. Bd6 Rd8 18. Qb3 Qb5 19. Qxb5 cxb5 20. Bc7 Re8 21. Ne5 1-0

[Event "*** Titled Tuesday Blitz"]
[Site "Chess.com"]
[Date "2019.09.03"]
[Round "4"]
[White "Morscas"]
[Black "popov_m"]
[Result "0-1"]
[WhiteElo "2253"]
[BlackElo "2620"]
[TimeControl "180+2"]
[EndTime "15:50:57 PDT"]
[Termination "popov_m won by resignation"]

1. e4 c5 2. Nf3 d6 3. d4 cxd4 4. Nxd4 Nf6 5. Nc3 a6 6. g3 e5 7. Nf3 Be7 8. Nh4 O-O 9. Nf5 Bxf5 10. exf5 d5 11. Bg2 d4 12. Ne4 Nxe4 13. Bxe4 Qb6 14. O-O Nd7 15. Bg2 Rac8 16. Bd2 Qxb2 17. Rb1 Qxc2 18.
Rxb7 Qxf5 19. Qf3 Qe6 20. Qb3 Qd6 21. Bb4 Nc5 22. Qa3 a5 23. Bxc5 Qxc5 24. Qd3 Bf6 25. Qf5 Qd6 26. Rd7 Qe6 27. Qxe6 fxe6 28. Bh3 Rfe8 29. Rb1 Rc2 30. a4 e4 31. Kf1 e3 32.
fxe3 dxe3 33. Bg4 Rxh2 34. Rb3 h5 35. Bf3 Rf2+ 0-1

[Event "*** Titled Tuesday Blitz"]
[Site "Chess.com"]
[Date "2019.09.03"]
[Round "4"]
[White "Al_Shima"]
[Black "MarshKnight"]
[Result "0-1"]
[WhiteElo "2463"]
[BlackElo "2192"]
[TimeControl "180+2"]
[EndTime "15:50:57 PDT"]
[Termination "MarshKnight won by resignation"]

1. b3 b6 2. Bb2 Bb7 3. e3 e6 4. Nf3 f5 5. Be2 Nf6 6. O-O Be7 7. c4 O-O 8. d4 Ne4 9. Nc3 Nxc3 10. Bxc3 d6 11.
Nd2 Nd7 12. Bf3 Bxf3 13. Qxf3 e5 14. dxe5 Nxe5 15. Qd5+ Kh8 16. Rad1 Bf6 17. Bxe5 dxe5 18. Nf3 e4 19. Qxf5 Qe8 20. Nd2 Be5 21. Qxe4 Qh5 22.
f4 Bd6 23. Nf3 Rae8 24. Qd3 Bc5 25. Nd4 Rd8 26. g3 Qh3 27. Qc3 Rfe8 28. b4 Be7 29. e4 c5 30. Nc6 cxb4 31. Rxd8 Rxd8 32. Qc1 Bc5+ 33. Kh1 Rd2 0-1

[Event "*** Titled Tuesday Blitz"]
[Site "Chess.com"]
[Date "2019.09.03"]
[Round "4"]
[White "IMRosen"]
[Black "albano87"]
[Result "0-1"]
[WhiteElo "2595"]
[BlackElo "2085"]
[TimeControl "180+2"]
[EndTime "15:51:02 PDT"]
[Termination "albano87 won by resignation"]

1. d4 d5 2. Bf4 Nf6 3. e3 e6 4.
Nd2 Bd6 5. Bg3 c5 6. c3 Qc7 7. Ngf3 Nbd7 8. dxc5 Nxc5 9. Bxd6 Qxd6 10. Bb5+ Bd7 11. Bxd7+ Qxd7 12. O-O O-O 13. Qe2 Rac8 14. Nb3 Nce4 15. Rfd1 Qc7 16. Nfd2 Nd6 17. h3 Qb6 18.
Nf3 Rfd8 19. Rd4 Nc4 20. Rdd1 a5 21. Rab1 Ne4 22. Nbd2 Nexd2 23. Nxd2 a4 24. Nxc4 Rxc4 25. Qxc4 dxc4 26. Kf1 Rxd1+ 27. Rxd1 g6 28. Rd2 a3 29. bxa3 Qb1+ 30. Ke2 Qc1 31. h4 Qxc3 32. h5 gxh5 33. f4 Qxa3 34. f5 exf5 35. g4 hxg4 36. e4 Qf3+ 37.
Ke1 fxe4 38. a4 Kg7 39. a5 Qc3 40. a6 e3 41. Kf1 Qxd2 0-1

[Event "*** Titled Tuesday Blitz"]
[Site "Chess.com"]
[Date "2019.09.03"]
[Round "4"]
[White "bascheyaro"]
[Black "juniortay"]
[Result "1-0"]
[WhiteElo "2688"]
[BlackElo "2458"]
[TimeControl "180+2"]
[EndTime "15:51:05 PDT"]
[Termination "bascheyaro won by resignation"]

1. d4 Nf6 2. c4 g6 3. Nf3 Bg7 4.
Nc3 d6 5. Bg5 O-O 6. e3 c5 7. Be2 a6 8. O-O Nc6 9. dxc5 dxc5 10.
Qxd8 Rxd8 11. Rad1 Be6 12. Bxf6 Bxf6 13. Na4 b6 14. Nxb6 Rab8 15. Na4 Bxb2 16. Rxd8+ Nxd8 17. Rb1 Be5 18. Rxb8 Bxb8 19. Nxc5 Bc8 20. Nd4 Kf8 21. g3 e5 22. Ndb3 Ke7 23. Bf3 f5 24. Bd5 Kd6 25.
Kf1 Ba7 26. Nd3 Bd7 27. Ke2 Ba4 28. Nb4 Bxb3 29. axb3 a5 30. Nd3 e4 31. Nc1 Ke5 32. Na2 h6 33. h4 g5 34. hxg5 hxg5 35.
Nc3 g4 36. Na4 Kd6 37. Kd2 Bb8 38. Kc3 Ba7 39. b4 axb4+ 40. Kxb4 Bb8 41. Nc3 Ba7 42. Nb5+ 1-0

[Event "*** Titled Tuesday Blitz"]
[Site "Chess.com"]
[Date "2019.09.03"]
[Round "4"]
[White "Gattass"]
[Black "Niclox"]
[Result "1-0"]
[WhiteElo "2338"]
[BlackElo "2613"]
[TimeControl "180+2"]
[EndTime "15:51:08 PDT"]
[Termination "Gattass won on time"]

1. d4 Nf6 2. c4 e5 3. dxe5 Ng4 4. Nh3 Nxe5 5. e3 Nbc6 6. Nc3 Bb4 7. Bd2 d6 8. Nf4 O-O 9. Be2 Bf5 10. O-O Re8 11.
a3 Bxc3 12. Bxc3 a5 13. b4 Qg5 14. b5 Ne7 15. b6 cxb6 16. Qxd6 N7g6 17. Nxg6 Nxg6 18. Qg3 Qxg3 19. hxg3 Rac8 20. Bd4 Ne5 21. Bxb6 Nxc4 22. Bxc4 Rxc4 23. Bxa5 Rec8 24. f3 h5 25. e4 Be6 26. Rfd1 Rc2 27. Rd2 1-0